 Dungeon Crawl Stone Soup version 0.21.1-1-g345015f (webtiles) character file.

430514 Kairos the Warrior (level 25, -9/203 HPs)
             Began as a Human Fighter on Mar 29, 2018.
             Was the Champion of Okawaru.
             Splashed by an ancient lich's acid (17 damage)
             ... on level 5 of the Vaults on Mar 30, 2018.
             The game lasted 04:24:39 (62960 turns).

Kairos the Warrior (Human Fighter)                 Turns: 62960, Time: 04:24:40

Health: -9/203     AC: 34    Str: 22    XL:     25   Next: 7%
Magic:  33/37      EV: 25    Int: 17    God:    Okawaru [******]
Gold:   2954       SH: 20    Dex: 14    Spells: 36/45 levels left

rFire    + . .     SeeInvis +   B - +8 mithril axe "Arga" {speed, MR+}
rCold    + . .     Gourm    .   Y - +4 shield {rF+}
rNeg     + . .     Faith    +   v - +8 plate armour "Datiliv" {rElec rN+ Regen+ Dex-5}
rPois    .         Spirit   .   d - +0 hat {Int+3}
rElec    +         Reflect  .   F - +2 cloak {+Inv}
rCorr    .         Harm     .   X - +1 pair of gloves {Str+3}
MR       +++..                  p - +1 pair of boots {run}
Stlth    ..........             y - amulet of faith
HPRegen  0.83/turn              H - ring of Xom's Absentmindedness {rElec rC+ Slay+2 SInv}
MPRegen  0.25/turn              t - ring of Phasing {EV+8}

@: heroism, finesse, corroded, very slightly contaminated, quick
A: iridescent scales 1, agile 1, magic resistance 1, sturdy frame 1
}: 2/15 runes: barnacled, gossamer
a: Heroism, Finesse, Renounce Religion, Evoke Invisibility


You were on level 5 of the Vaults.
You worshipped Okawaru.
Okawaru was exalted by your worship.
You were not hungry.

You visited 7 branches of the dungeon, and saw 38 of its levels.
You visited the Abyss 3 times.
You also visited: Labyrinth.

You collected 4949 gold pieces.
You spent 1995 gold pieces at shops.

Inventory:

Hand Weapons
 c - a +5 eveningstar of distortion
 j - the +7 longbow "Fomas" {venom, rF+ Stlth+, unknown}
   (Okawaru gifted it to you on level 5 of the Vaults)

   It poisons the ammo it fires.
   It protects you from fire.
   It makes you more stealthy.
 B - the +8 mithril axe "Arga" (weapon) {speed, MR+}
   (You found it in a labyrinth)

   Attacks with this weapon are significantly faster.
   It affects your resistance to hostile enchantments.
Missiles
 q - 49 poisoned javelins (quivered)
Armour
 d - a +0 hat of intelligence (worn)
 i - the +0 shield of Follow the Leader {*Drain MR+ Dex+3}
   (Okawaru gifted it to you on level 5 of the Vaults)

   It affects your dexterity (+3).
   It affects your resistance to hostile enchantments.
   It causes draining when unequipped.
 p - a +1 pair of boots of running (worn)
 v - the +8 plate armour "Datiliv" (worn) {rElec rN+ Regen+ Dex-5}
   (Okawaru gifted it to you on level 1 of the Orcish Mines)

   It affects your dexterity (-5).
   It insulates you from electricity.
   It protects you from negative energy.
   It increases your rate of regeneration.
 F - a +2 cloak of invisibility (worn)
 X - a +1 pair of gloves of strength (worn)
 Y - a +4 shield of fire resistance (worn)
Jewellery
 t - the ring of Phasing (right hand) {EV+8}
   (You found it in a labyrinth)

   [ring of evasion]

   It affects your evasion (+8).
 y - an amulet of faith (around neck)
 z - the ring "Ysaimo" {+Fly rF+ rC+ Int-2}
   (You took it off a deep elf annihilator on level 3 of the Elven Halls)

   [ring of protection from cold]

   It affects your intelligence (-2).
   It protects you from fire.
   It protects you from cold.
   It lets you fly.
 E - a cursed ring of loudness {unknown}
 H - the ring of Xom's Absentmindedness (left hand) {rElec rC+ Slay+2 SInv}
   (You took it off a deep elf mage on level 3 of the Elven Halls)

   [ring of see invisible]

   It affects your accuracy and damage with ranged weapons and melee attacks
   (+2).
   It protects you from cold.
   It insulates you from electricity.
   It lets you see invisible.
 O - an uncursed ring of resist corrosion
 W - an uncursed ring of poison resistance
Wands
 s - a wand of acid (19)
 w - a wand of clouds (4)
 Q - a wand of digging (51)
 T - a wand of iceblast (40)
Scrolls
 e - a scroll of identify
 g - 2 scrolls of silence
 h - 9 scrolls of teleportation
 k - 8 scrolls of remove curse
 n - 5 scrolls of magic mapping
 r - 3 scrolls of holy word
 D - 11 scrolls of blinking
 J - 6 scrolls of fear
 Z - 9 scrolls of fog
Potions
 b - 3 potions of haste
 l - 4 potions of berserk rage
 m - 13 potions of curing
 x - a potion of agility
 I - 8 potions of ambrosia
 L - 4 potions of resistance
 M - 2 potions of heal wounds
 N - 4 potions of brilliance
 S - 2 potions of cancellation
Books
 A - a book of Power

   Spells                             Type                      Level
   a - Iskenderun's Battlesphere      Conjuration/Charms           5
   b - Venom Bolt                     Conjuration/Poison           5
   c - Bolt of Magma                  Conjuration/Fire/Earth       5
   d - Iron Shot                      Conjuration/Earth            6
   e - Orb of Destruction             Conjuration                  7
   f - Spellforged Servitor           Conjuration/Summoning        7
Miscellaneous
 a - a fan of gales
 o - a phial of floods
Comestibles
 f - 49 rations


   Skills:
 + Level 17.7(22.7) Fighting
 - Level 17.1(23.5) Axes
 - Level 11.2(20.3) Maces & Flails
   Level 6.6(18.1) Polearms
 + Level 1.0(6.0) Throwing
 * Level 14.6(19.6) Armour
 * Level 12.0(17.0) Dodging
 + Level 5.7(10.7) Stealth
 + Level 15.9(20.9) Shields
 * Level 10.5 Spellcasting
 * Level 5.3 Hexes
 * Level 5.1 Translocations
 * Level 5.1 Air Magic
 * Level 11.7 Invocations
 * Level 10.2 Evocations


You had 36 spell levels left.
You knew the following spells:

 Your Spells              Type           Power        Failure   Level  Hunger
a - Corona                Hex            ####...      3%          1    None
b - Blink                 Tloc           N/A          6%          2    None
c - Airstrike             Air            ####......   38%         4    ###....
d - Slow                  Hex            ####....     6%          2    None


Dungeon Overview and Level Annotations

Branches:
Dungeon (14/15)            Temple (0/1) D:7            Lair (6/6) D:11
 Shoals (4/4) Lair:3       Spider (4/4) Lair:2        Slime (0/5) Lair:6
    Orc (2/2) D:10            Elf (3/3) Orc:2        Vaults (5/5) D:14
  Crypt (0/3) Vaults:2

Altars:
Makhleb
Nemelex Xobeh
Okawaru
Sif Muna
Vehumet
Wu Jian
Xom
Beogh
Jiyva

Shops:
D:10 %   D:11 }   Orc:2 (=[*   Elf:1 }   Elf:2 *(

Portals:
Hell: Lair:6
Trove: Elf:1 (give +6 demon whip)

Annotations:
D:5 2 runed doors


Innate Abilities, Weirdness & Mutations

You are partially covered in iridescent scales. (AC +2)
You are agile. (Dex +2)
You are resistant to hostile enchantments. (MR+)
Your movements are slightly less encumbered by armour. (ER -2)


Message History

The ettin misses you. You block the ettin's attack.
The frost giant casts a spell at you. The bolt of cold misses you.
You block the yaktaur's attack. The ancient lich casts a spell at you.
The bolt of acid misses you. The titan hits you!!
* * * LOW HITPOINT WARNING * * *
The ettin hits you with a dire flail.
* * * LOW HITPOINT WARNING * * *
The ettin completely misses you.
The deep elf annihilator gestures at you while chanting.
The crystal spear misses you.
Blink to where?
Press: ? - help, Dir - move target cursor You are very lightly contaminated with residual magic.
As you read the scroll of blinking, it crumbles to dust.
The ancient lich casts a spell at you. The bolt of acid hits you!
* * * LOW HITPOINT WARNING * * *
You are splashed with acid!
The acid burns!
You die...

#######..).....###
............).....
..........<<[[....
........)<[(<.....
.........[<<.(....
######################.)[([[.(###
..........................(......
........#####..........#.(..#(.#.
.......#)..#...@......#.(..#..#.
#..('..[#...##'##..#....#..##
#.e.#..}#...#...#..#....#....
#...#####...#...#..#....#....
#.c....C....#...#..#....#####
#.C(C.cL....#####..#..(. ..
......H.#####..........# ..
.......c# #....... ..# #
........' #........


You could see an ancient lich, an ettin and a yaktaur.

Vanquished Creatures
  Margery (Vaults:4)
  Saint Roka (Vaults:2)
  2 golden dragons (Vaults:5)
  A profane servitor (Abyss:2)
  Arachne (Spider:4)
  2 bone dragons
  Jorgrun (Shoals:4)
  Rupert (Lair:6)
  Asterion (Vaults:1)
  2 deep elf blademasters (Elf:3)
  2 krakens
  2 deep elf master archers (Elf:3)
  3 liches
  Gastronok (Orc:1)
  5 tentacled starspawn
  Frances (D:12)
  Polyphemus (Shoals:4)
  4 storm dragons
  2 shadow dragons (Vaults:5)
  3 frost giants
  Donald (Spider:4)
  2 azure jellies (Lair:6)
  Ilsuiw (Shoals:4)
  3 fire giants
  Roxanne (Shoals:4)
  24 vault wardens
  11 deep elf sorcerers
  An orc warlord (Orc:2)
  An iron dragon (Vaults:5)
  4 ghost moths
  A cacodemon (Abyss:2)
  The ghost of vatarom the Demonic Cataclysm, a journeyman DsGl of Qazlal (Shoals:3)
  2 deep elf elementalists (Elf:3)
  5 emperor scorpions
  Louise (Shoals:4)
  3 very ugly things (Vaults:2)
  17 ironheart preservers
  5 stone giants
  A war gargoyle (Vaults:4)
  9 entropy weavers
  9 deep elf demonologists
  7 deep elf annihilators
  2 spark wasps (Spider:4)
  A white draconian (Abyss:2)
  2 ettins
  2 deep elf high priests (Elf:3)
  6 deep elf death magi
  A crystal guardian (Vaults:2)
  3 great orbs of eyes
  5 merfolk javelineers (Shoals:4)
  9 merfolk impalers
  3 fire dragons
  Harold (Lair:3)
  A quicksilver dragon skeleton (Abyss:2)
  9 yaktaur captains
  8 hydras
  A rakshasa (Vaults:2)
  35 vault guards
  7 merfolk aquamancers
  A catoblepas (Shoals:4)
  7 centaur warriors
  2 ice dragons
  9 ogre magi
  A merfolk avatar (Shoals:4)
  26 two-headed ogres
  30 dancing weapons
  A queen ant (Spider:3)
  2 thrashing horrors (Abyss:3)
  2 death yaks (Shoals:4)
  A vampire mage (Vaults:2)
  A satyr (Shoals:4)
  22 deep elf knights
  A sun demon (Abyss:2)
  3 orc high priests
  3 sixfirhies
  2 wretched stars
  8 sea snakes
  A skeletal warrior (D:14)
  5 unseen horrors
  A glowing orange brain (Vaults:3)
  3 hell knights (Vaults:4)
  5 wizards
  A flayed ghost (Vaults:4)
  A swamp dragon (shapeshifter) (Vaults:5)
  11 deep trolls
  15 deep elf archers
  A lindwurm (shapeshifter) (Vaults:4)
  A lindwurm (Lair:6)
  Pikel (D:9)
  6 harpies
  3 phantasmal warriors
  17 ironbrand convokers
  8 ugly things
  A mana viper (Abyss:3)
  14 orc knights
  33 wolf spiders
  A worldbinder (Abyss:3)
  2 necromancers
  7 orc sorcerers
  12 orb spiders
  7 cyclopes
  5 fauns
  71 deep elf magi
  13 manticores
  3 elephants
  5 moths of wrath
  4 merfolk sirens (Shoals:4)
  10 vault sentinels
  4 black mambas
  3 orange demons
  3 smoke demons
  3 water nymphs
  4 torpor snails
  15 spiny frogs
  4 rime drakes (Lair:6)
  An efreet (D:14)
  7 freezing wraiths
  3 komodo dragons
  A komodo dragon (shapeshifter) (Vaults:4)
  19 demonic crawlers
  3 ice devils (Lair:6)
  3 ancient zymes
  65 yaktaurs
  2 red devils (Lair:6)
  2 trolls
  31 jumping spiders
  2 minotaur skeletons (Lab)
  A minotaur zombie (Lab)
  A wind drake (shapeshifter) (Elf:2)
  29 merfolk
  9 wind drakes
  8 hornets
  3 meliai (D:14)
  A meliai (shapeshifter) (Vaults:1)
  A polar bear (Lair:5)
  A tengu simulacrum (Vaults:2)
  7 raiju (Abyss:2)
  A raiju (shapeshifter) (Vaults:4)
  8 snapping turtles
  7 blink frogs
  23 slime creatures
  A dream sheep (shapeshifter) (Vaults:3)
  6 dream sheep
  11 starcursed masses
  9 hippogriffs
  3 flying skulls (Abyss:2)
  4 air elementals
  79 redbacks
  A vampire (Abyss:3)
  3 wyverns
  3 ynoxinuls (Abyss:2)
  A spriggan (shapeshifter) (Vaults:4)
  4 wraiths
  3 shadows
  3 fire elementals
  18 tarantellas
  2 basilisks
  53 yaks
  A yak (shapeshifter) (Vaults:3)
  5 hungry ghosts
  The ghost of rlgrobin the Charmwright, an amateur GnSk (D:3)
  3 neqoxecs
  21 water elementals
  A basilisk (shapeshifter) (Vaults:3)
  A hog (shapeshifter) (Vaults:2)
  2 human simulacra
  19 soldier ants (Spider:3)
  2 acid dragons
  A spiny frog zombie (Abyss:2)
  5 wargs
  11 large abominations
  3 hell hounds (Lair:6)
  7 water moccasins
  4 porcupines
  42 orc warriors
  3 slaves (D:9)
  4 black bears
  7 ice beasts
  3 phantoms
  6 sky beasts
  2 eyes of draining
  The ghost of Pad the Skirmisher, an amateur DsBe of Trog (D:4)
  2 necrophages
  9 wolves
  A boggart (Vaults:1)
  33 ogres
  11 centaurs
  8 crocodiles
  2 big kobolds
  11 small abominations
  14 bullfrogs
  2 wyvern zombies
  4 earth elementals
  A water moccasin skeleton (D:6)
  A wyvern skeleton (D:11)
  4 killer bees (D:10)
  5 scorpions
  11 wights
  4 electric eels
  4 howler monkeys
  7 crimson imps
  3 bullfrog zombies
  3 centaur zombies
  A quasit (D:12)
  An iron imp (Abyss:3)
  17 jellies
  16 orc priests
  6 hounds
  28 orc wizards
  4 bullfrog skeletons
  6 centaur skeletons
  Jessica (D:2)
  4 iguanas
  25 worker ants
  A hound zombie (D:7)
  2 hound skeletons
  A worker ant zombie (D:6)
  12 adders
  2 gnolls
  A howler monkey skeleton (D:6)
  3 shadow imps
  14 white imps
  2 ufetubi
  8 oozes
  2 adder skeletons
  An adder zombie (D:9)
  4 worms
  A dart slug (D:1)
  7 leopard geckos
  87 orcs
  8 bats
  A giant cockroach (D:1)
  9 goblins
  6 hobgoblins
  12 jackals
  6 quokkas
  6 ball pythons
  3 frilled lizards
  20 kobolds
  2 rats
  A crawling corpse (Vaults:5)
  13 fungi
  12 plants
  2 starspawn tentacles (Abyss:2)
  A tentacle (Shoals:4)
1766 creatures vanquished.

Vanquished Creatures (others)
  A minotaur (Lab)
  A black mamba (Lair:2)
  A komodo dragon (Lair:1)
  A yaktaur (Vaults:5)
  A merfolk (Shoals:4)
  A water elemental (Shoals:4)
  3 yaks
  A basilisk (Lair:1)
  A fire elemental (D:12)
  A hungry ghost (Lab)
  A sky beast (D:14)
  A wolf (Lair:3)
  A big kobold (D:11)
  A bullfrog (Lair:2)
  A scorpion (D:6)
  A gnoll (D:6)
  A shadow imp (D:9)
  2 orcs
  A jackal (D:4)
  15 fungi
  A lurking horror (Abyss:2)
  21 plants
  21 starspawn tentacles
  18 tentacles
98 creatures vanquished.

Grand Total: 1864 creatures vanquished

Notes
Turn   | Place    | Note
-------+----------+-------------------------------------------
     0 | D:1      | Kairos the Human Fighter began the quest for the Orb.
     0 | D:1      | Reached XP level 1. HP: 18/18 MP: 1/1
    60 | D:1      | Reached XP level 2. HP: 22/24 MP: 2/2
   228 | D:1      | Reached XP level 3. HP: 18/29 MP: 3/3
  1140 | D:2      | Noticed Jessica
  1154 | D:2      | Killed Jessica
  1154 | D:2      | Reached XP level 4. HP: 12/35 MP: 4/4
  1795 | D:3      | Reached XP level 5. HP: 41/41 MP: 5/5
  2640 | D:3      | Noticed rlgrobin's ghost (amateur GnSk)
  3175 | D:3      | Killed rlgrobin's ghost
  3175 | D:3      | Reached skill level 1 in Polearms
  3175 | D:3      | Reached XP level 6. HP: 37/48 MP: 6/6
  3367 | D:3      | Found a sparkling altar of Nemelex Xobeh.
  3403 | D:4      | Found a radiant altar of Vehumet.
  3423 | D:4      | Noticed a black bear
  3447 | D:4      | Killed a black bear
  3447 | D:4      | Reached skill level 1 in Dodging
  3447 | D:4      | Reached XP level 7. HP: 32/53 MP: 7/7
  3740 | D:4      | Found an ornate altar of the Wu Jian Council.
  3756 | D:4      | Noticed Pad's ghost (amateur DsBe)
  3808 | D:4      | Killed Pad's ghost
  4871 | D:4      | Found a deep blue altar of Sif Muna.
  5004 | D:4      | Reached XP level 8. HP: 57/61 MP: 8/8
  5234 | D:5      | Entered Level 5 of the Dungeon
  5307 | D:5      | Found an iron altar of Okawaru.
  5310 | D:5      | Became a worshipper of Warmaster Okawaru
  5463 | D:5      | Found a large runed door.
  5463 | D:5      | Found a large runed door.
  5469 | D:5      | You fall through a shaft for 2 floors!
  5489 | D:6      | Reached skill level 5 in Shields
  5941 | D:5      | Reached * piety under Okawaru
  5941 | D:5      | Reached skill level 5 in Polearms
  5941 | D:5      | Reached skill level 5 in Armour
  5963 | D:5      | Reached skill level 5 in Fighting
  6067 | D:5      | Found a large runed door.
  6067 | D:5      | Found a large runed door.
  6084 | D:5      | Reached XP level 9. HP: 65/67 MP: 9/9
  6198 | D:5      | Got a polished spear
  6199 | D:5      | Identified the +6 spear of Quantum Leap {pierce, Dex+4} (You found it on level 5 of the Dungeon)
  6460 | D:5      | Reached skill level 1 in Stealth
  7301 | D:6      | Reached skill level 1 in Maces & Flails
  8284 | D:7      | Reached ** piety under Okawaru
  8284 | D:7      | Reached XP level 10. HP: 52/75 MP: 10/10
  8543 | D:7      | Found a staircase to the Ecumenical Temple.
  8858 | D:7      | Learned a level 1 spell: Corona
  9869 | D:9      | Reached skill level 5 in Maces & Flails
 10259 | D:9      | Reached *** piety under Okawaru
 10357 | D:9      | Noticed Pikel
 10556 | D:9      | Noticed a two-headed ogre
 10568 | D:9      | Killed a two-headed ogre
 10685 | D:9      | Killed Pikel
 10685 | D:9      | Reached XP level 11. HP: 72/82 MP: 11/11
 10930 | D:10     | Entered Level 10 of the Dungeon
 11154 | D:10     | Reached **** piety under Okawaru
 11254 | D:10     | Found a staircase to the Orcish Mines.
 11352 | D:10     | Found Qeeh's Food Emporium.
 11951 | D:11     | Found Ute Wiov's Gadget Boutique.
 11951 | D:11     | Noticed a red ugly thing
 11969 | D:11     | Killed a red ugly thing
 12265 | D:11     | Found a staircase to the Lair.
 12288 | D:11     | Noticed a two-headed ogre
 12406 | D:11     | Found a shimmering altar of Xom.
 12681 | D:11     | Killed a two-headed ogre
 13100 | Lair:1   | Entered Level 1 of the Lair of Beasts
 13174 | Lair:1   | Noticed a four-headed hydra
 13185 | Lair:1   | Killed a four-headed hydra
 13377 | Lair:1   | Reached ***** piety under Okawaru
 13958 | Lair:1   | Reached XP level 12. HP: 78/91 MP: 12/12
 14243 | Lair:2   | Found a hole to the Spider Nest.
 14401 | Lair:2   | Noticed a six-headed hydra
 14407 | Lair:2   | Killed a six-headed hydra
 14419 | Lair:2   | Reached skill level 1 in Invocations
 14892 | Lair:3   | Found a staircase to the Shoals.
 14893 | Lair:3   | Found a labyrinth entrance.
 14935 | Lair:3   | Received a gift from Okawaru
 14937 | Lair:3   | Reached skill level 10 in Maces & Flails
 15092 | Lab      | Entered a labyrinth
 15381 | Lab      | Noticed an unseen horror
 15388 | Lab      | Killed an unseen horror
 15934 | Lab      | Noticed a minotaur
 15941 | Lab      | Banished a minotaur
 15943 | Lab      | Identified Tesiesu's Handbook of Supportive Stones
 15944 | Lab      | Found the +8 mithril axe "Arga" {speed, MR+}
 15944 | Lab      | Found the ring of Phasing {EV+8}
 16327 | Lair:3   | Reached XP level 13. HP: 95/100 MP: 13/13
 16351 | Lair:3   | Noticed Harold
 16364 | Lair:3   | Killed Harold
 17068 | Lair:4   | Noticed a four-headed hydra
 17077 | Lair:4   | Killed a four-headed hydra
 17077 | Lair:4   | Received a gift from Okawaru
 17199 | Lair:4   | Noticed Rupert
 17579 | Lair:4   | Reached skill level 10 in Fighting
 17579 | Lair:4   | Reached skill level 5 in Axes
 19131 | Lair:6   | Entered Level 6 of the Lair of Beasts
 19131 | Lair:6   | Noticed an eight-headed hydra
 19190 | Lair:6   | Killed an eight-headed hydra
 19190 | Lair:6   | Received a gift from Okawaru
 19227 | Lair:6   | Noticed a six-headed hydra
 19426 | Lair:6   | Killed a six-headed hydra
 19430 | Lair:6   | Reached ****** piety under Okawaru
 19449 | Lair:6   | Found a frozen archway.
 19456 | Lair:6   | Noticed a seven-headed hydra
 19832 | Lair:6   | Killed a seven-headed hydra
 19832 | Lair:6   | Reached XP level 14. HP: 97/109 MP: 11/14
 19876 | Lair:6   | Killed Rupert
 19876 | Lair:6   | Reached skill level 10 in Armour
 19930 | Lair:6   | Found a viscous altar of Jiyva.
 20482 | Lair:6   | Reached skill level 10 in Axes
 20571 | Lair:6   | Found a staircase to the Slime Pits.
 20639 | Lair:6   | Noticed an azure jelly
 20654 | Lair:6   | Killed an azure jelly
 20654 | Lair:6   | Received a gift from Okawaru
 21507 | Lair:6   | Found a burning altar of Makhleb.
 21513 | Lair:6   | Found a gateway to Hell.
 21800 | Lair:6   | Noticed an azure jelly
 21812 | Lair:6   | Killed an azure jelly
 21812 | Lair:6   | Reached skill level 10 in Shields
 22197 | Lair:2   | Learned a level 2 spell: Blink
 22244 | Spider:1 | Entered Level 1 of the Spider Nest
 22253 | Spider:1 | Reached XP level 15. HP: 60/116 MP: 13/16
 22755 | Spider:1 | Noticed a ghost moth
 22760 | Spider:1 | Killed a ghost moth
 22860 | Spider:1 | Received a gift from Okawaru
 23577 | Spider:1 | Noticed an emperor scorpion
 23625 | Spider:1 | Killed an emperor scorpion
 23625 | Spider:1 | Reached skill level 5 in Dodging
 23944 | Spider:1 | Received a gift from Okawaru
 26045 | Spider:1 | Received a gift from Okawaru
 26050 | Spider:1 | Got a pitted lajatang {god gift}
 28590 | Spider:3 | Received a gift from Okawaru
 28683 | Spider:2 | Reached XP level 16. HP: 87/125 MP: 17/17
 29998 | Spider:3 | Reached skill level 15 in Axes
 30965 | Spider:4 | Entered Level 4 of the Spider Nest
 31064 | Spider:4 | Noticed Donald
 31077 | Spider:4 | Cast into level 3 of the Abyss (Donald)
 31121 | Abyss:3  | Received a gift from Okawaru
 31190 | Abyss:3  | Found a corrupted altar of Lugonu.
 31218 | Abyss:3  | Noticed a bone dragon
 31275 | Abyss:3  | Killed a bone dragon
 31322 | Abyss:3  | Noticed a tentacled starspawn
 31348 | Abyss:3  | Killed a tentacled starspawn
 31635 | Abyss:3  | Noticed a tentacled starspawn
 31636 | Abyss:3  | Noticed a tentacled starspawn
 31641 | Abyss:3  | Noticed a tentacled starspawn
 31671 | Abyss:3  | Killed a tentacled starspawn
 31675 | Spider:4 | Escaped the Abyss
 31685 | Spider:4 | Killed Donald
 32133 | Lair:2   | Identified the +0 lajatang of Zefivvuto {drain, rElec rC- Dex+9 SInv} (Okawaru gifted it to you on level 1 of the Spider Nest)
 32329 | Spider:4 | Reached XP level 17. HP: 106/133 MP: 18/18
 32771 | Spider:4 | Reached skill level 1 in Spellcasting
 33480 | Spider:4 | Received a gift from Okawaru
 34236 | Spider:4 | Got a gossamer rune of Zot
 34631 | Spider:4 | Noticed Arachne
 34663 | Spider:4 | Killed Arachne
 35083 | Shoals:1 | Entered Level 1 of the Shoals
 36629 | Shoals:2 | Reached skill level 1 in Evocations
 37306 | Shoals:3 | Reached XP level 18. HP: 133/141 MP: 22/24
 37546 | Shoals:3 | Noticed a kraken
 37565 | Shoals:3 | Killed a kraken
 37888 | Shoals:3 | Noticed vatarom's ghost (journeyman DsGl)
 37936 | Shoals:3 | Killed vatarom's ghost
 38082 | Shoals:4 | Entered Level 4 of the Shoals
 38111 | Shoals:4 | Received a gift from Okawaru
 38356 | Shoals:4 | Noticed Louise
 38385 | Shoals:4 | Cast into level 2 of the Abyss (Louise)
 38868 | Abyss:2  | Found a corrupted altar of Lugonu.
 38903 | Abyss:2  | Noticed a profane servitor
 38933 | Abyss:2  | Killed a profane servitor
 38933 | Abyss:2  | Reached skill level 5 in Spellcasting
 38964 | Abyss:2  | Reached skill level 5 in Invocations
 39039 | Abyss:2  | Noticed a Hell Sentinel
 39040 | Shoals:4 | Escaped the Abyss
 39053 | Shoals:4 | Killed Louise
 39579 | Shoals:4 | Received a gift from Okawaru
 39641 | Shoals:4 | Noticed Jorgrun
 40384 | Shoals:4 | Noticed Polyphemus
 40386 | Shoals:4 | Received a gift from Okawaru
 40418 | Shoals:4 | Killed Polyphemus
 40544 | Shoals:4 | Noticed Ilsuiw
 40571 | Shoals:4 | Killed Ilsuiw
 40928 | Shoals:4 | Reached XP level 19. HP: 133/149 MP: 27/27
 41219 | Shoals:4 | Killed Jorgrun
 42361 | Shoals:4 | Noticed Roxanne
 42447 | Shoals:4 | Got a barnacled rune of Zot
 42618 | Shoals:4 | Killed Roxanne
 42619 | Shoals:4 | Identified Roxanne's Collected Works on the Mountains (You took it off Roxanne on level 4 of the Shoals)
 44148 | Orc:1    | Entered Level 1 of the Orcish Mines
 44355 | Orc:2    | Entered Level 2 of the Orcish Mines
 44355 | Orc:2    | Found Gitorof's Antique Armour Emporium.
 44409 | Orc:2    | Reached skill level 5 in Stealth
 44420 | Orc:2    | Found Qeprebel's General Store.
 44847 | Orc:2    | Found a staircase to the Elven Halls.
 44958 | Orc:2    | Found a roughly hewn altar of Beogh.
 44976 | Orc:2    | Found Eluageg's Jewellery Emporium.
 45028 | Orc:2    | Bought an uncursed amulet of faith for 480 gold pieces
 45151 | Orc:2    | Found Kycafol's Antique Weapon Emporium.
 45534 | Orc:1    | Noticed Gastronok
 45558 | Orc:1    | Killed Gastronok
 45558 | Orc:1    | Received a gift from Okawaru
 45558 | Orc:1    | Reached skill level 5 in Evocations
 45562 | Orc:1    | Got a shimmering plate armour {god gift}
 45602 | Orc:1    | Identified the +8 plate armour "Datiliv" {rElec rN+ Regen+ Dex-5} (Okawaru gifted it to you on level 1 of the Orcish Mines)
 45849 | Orc:2    | Bought an uncursed ring of magical power for 240 gold pieces
 45849 | Orc:2    | Bought an uncursed ring of resist corrosion for 240 gold pieces
 45849 | Orc:2    | Bought a +4 ring of dexterity for 324 gold pieces
 45849 | Orc:2    | Bought an uncursed amulet of rage for 480 gold pieces
 46424 | D:12     | Found a large runed door.
 46424 | D:12     | Found a large runed door.
 46512 | D:12     | Learned a level 4 spell: Airstrike
 46660 | D:12     | Noticed Frances
 46673 | D:12     | Killed Frances
 46989 | D:12     | Got a dazzling chain mail
 47004 | D:12     | Identified the +6 chain mail of Loss {Slay+2} (You found it on level 12 of the Dungeon)
 47997 | D:14     | Reached XP level 20. HP: 112/158 MP: 27/30
 48016 | D:14     | Found a gate to the Vaults.
 48165 | D:14     | Identified the Handbook of Torrid Intoxication
 48255 | Vaults:1 | Entered Level 1 of the Vaults
 48378 | Vaults:1 | Received a gift from Okawaru
 48989 | Vaults:1 | Received a gift from Okawaru
 49243 | Vaults:1 | Noticed Asterion
 49265 | Vaults:1 | Killed Asterion
 49589 | Vaults:1 | Received a gift from Okawaru
 49773 | Vaults:1 | Identified a scroll of acquirement
 50105 | Vaults:2 | Reached skill level 1 in Throwing
 50399 | Vaults:2 | Reached XP level 21. HP: 162/166 MP: 32/32
 50480 | Vaults:2 | Received a gift from Okawaru
 50998 | Vaults:2 | Reached skill level 15 in Fighting
 51406 | Vaults:2 | Noticed Saint Roka
 51444 | Vaults:2 | Killed Saint Roka
 51444 | Vaults:2 | Received a gift from Okawaru
 52029 | Vaults:2 | Found a staircase to the Crypt.
 52193 | Vaults:3 | Reached skill level 10 in Dodging
 52274 | Vaults:3 | Received a gift from Okawaru
 53125 | Vaults:3 | Reached XP level 22. HP: 169/176 MP: 34/34
 53493 | Vaults:4 | Noticed Margery
 53524 | Vaults:4 | Killed Margery
 53524 | Vaults:4 | Received a gift from Okawaru
 53541 | Vaults:4 | Got a pitted plate armour {god gift}
 53552 | Vaults:4 | Identified the +7 plate armour of Youthful Indiscretion {Str+4} (Okawaru gifted it to you on level 4 of the Vaults)
 53762 | Vaults:4 | Reached skill level 10 in Invocations
 54928 | Vaults:4 | Received a gift from Okawaru
 54953 | Vaults:4 | Identified a +1 pair of boots of running (Okawaru gifted it to you on level 4 of the Vaults)
 55350 | Vaults:4 | Found the +7 Singing Sword
 56014 | Orc:2    | Bought a potion of curing for 30 gold pieces
 56014 | Orc:2    | Bought a scroll of teleportation for 30 gold pieces
 56067 | Elf:1    | Entered Level 1 of the Elven Halls
 56121 | Elf:1    | Reached skill level 15 in Shields
 56154 | Elf:1    | Found a portal to a secret trove of treasure.
 56274 | Elf:1    | Reached skill level 1 in Hexes
 56393 | Elf:1    | Reached skill level 1 in Translocations
 56393 | Elf:1    | Reached skill level 1 in Air Magic
 56512 | Elf:1    | Reached XP level 23. HP: 185/185 MP: 36/36
 56594 | Elf:1    | Found Zeleypaiwn's Gadget Boutique.
 57080 | Elf:2    | Received a gift from Okawaru
 57125 | Elf:2    | Found Caut's Weapon Shop.
 57174 | Elf:2    | Found Qeniqo's General Store.
 57200 | Elf:2    | Bought a scroll of blinking for 135 gold pieces
 57310 | Elf:2    | Found a runed gate.
 57310 | Elf:2    | Found a runed gate.
 57500 | Elf:2    | Found a runed gate.
 58011 | Elf:3    | Entered Level 3 of the Elven Halls
 58329 | Elf:3    | Received a gift from Okawaru
 59165 | Elf:3    | Received a gift from Okawaru
 59546 | Elf:3    | Identified the ring of Xom's Absentmindedness {rElec rC+ Slay+2 SInv} (You took it off a deep elf mage on level 3 of the Elven Halls)
 59888 | Elf:3    | Reached XP level 24. HP: 154/195 MP: 36/36
 59895 | Elf:3    | Reached skill level 10 in Spellcasting
 60207 | Elf:3    | Identified the ring "Ysaimo" {+Fly rF+ rC+ Int-2} (You took it off a deep elf annihilator on level 3 of the Elven Halls)
 60355 | Elf:3    | Got a bloodstained spear {pierce}
 60371 | Elf:3    | Found the +3 sling "Punk" {acid, rCorr}
 60405 | Elf:3    | Identified the Guide on Dislocation
 60407 | Elf:3    | Identified Wuk Qas's Almanac of Fire
 60534 | Elf:3    | Identified the +8 spear "Mihy" {pierce, *Corrode rPois rC+ Int+3} (You took it off a deep elf mage on level 3 of the Elven Halls)
 60937 | Elf:2    | Bought a scroll of identify for 36 gold pieces
 61384 | Vaults:5 | Entered Level 5 of the Vaults
 61401 | Vaults:5 | Received a gift from Okawaru
 61413 | Vaults:5 | Cast into level 2 of the Abyss (a deep elf sorcerer)
 61722 | Abyss:2  | Learned a level 2 spell: Slow
 61775 | Abyss:2  | Gained mutation: Armour fits poorly on your strangely shaped body. [a cacodemon]
 61929 | Vaults:5 | Escaped the Abyss
 61945 | Vaults:5 | Received a gift from Okawaru
 61963 | Vaults:5 | Reached skill level 10 in Evocations
 62123 | Vaults:5 | Got a bloodstained shield {god gift}
 62124 | Vaults:5 | Got a bloodstained longbow {god gift}
 62139 | Vaults:4 | Identified the +0 shield of Follow the Leader {*Drain MR+ Dex+3} (Okawaru gifted it to you on level 5 of the Vaults)
 62223 | Vaults:5 | Reached skill level 5 in Hexes
 62329 | Vaults:5 | Noticed a golden dragon
 62340 | Vaults:5 | Killed a golden dragon
 62341 | Vaults:5 | Noticed a golden dragon
 62357 | Vaults:5 | Received a gift from Okawaru
 62357 | Vaults:5 | Reached skill level 5 in Translocations
 62364 | Vaults:5 | Reached skill level 5 in Air Magic
 62368 | Vaults:5 | Killed a golden dragon
 62371 | Vaults:5 | Got a distressingly furry chain mail {god gift}
 62376 | Vaults:5 | Got a faintly humming scale mail
 62438 | Vaults:5 | Reached XP level 25. HP: 96/203 MP: 37/37
 62702 | Vaults:2 | Lost mutation: Armour fits poorly on your strangely shaped body. [potion of mutation]
 62702 | Vaults:2 | Gained mutation: Your movements are slightly less encumbered by armour. (ER -2) [potion of mutation]
 62702 | Vaults:2 | Gained mutation: You are resistant to hostile enchantments. (MR+) [potion of mutation]
 62702 | Vaults:2 | Gained mutation: You are agile. (Dex +2) [potion of mutation]
 62702 | Vaults:2 | Gained mutation: You are partially covered in iridescent scales. (AC +2) [potion of mutation]
 62895 | Vaults:5 | Identified the +0 scale mail "Teeliept" {rCorr Int+3 Stlth+} (You found it on level 5 of the Vaults)
 62916 | Vaults:5 | Identified the +3 chain mail of the Wilderness {Str+4} (Okawaru gifted it to you on level 5 of the Vaults)
 62935 | Vaults:5 | Noticed an ancient lich
 62951 | Vaults:5 | Paralysed by a floating eye for 3 turns
 62960 | Vaults:5 | HP: 8/203 [ancient lich/bolt of acid (26)]
 62960 | Vaults:5 | Splashed by an ancient lich's acid

Skill      XL: |  1  2  3  4  5  6  7  8  9 10 11 12 13 14 15 16 17 18 19 20 21 22 23 24 |
---------------+-------------------------------------------------------------------------+-----
Axes           | 3 8 12 14 16 17 | 17.1
Polearms       | 1 2 3 5 6 |  6.6
Armour         | 4 5 7 8 9 10 11 12 13 14 | 14.6
Dodging        | 1 2 3 4 5 6 7 8 9 10 11 12 | 12.0
Shields        | 4 5 6 7 8 9 10 11 12 13 14 15 | 15.9
Fighting       | 4 5 6 8 9 10 11 12 13 14 15 16 17 | 17.7
Stealth        | 1 2 3 4 5 |  5.7
Maces & Flails | 3 6 9 10 11 | 11.2
Invocations    | 1 2 3 5 7 8 9 10 11 | 11.7
Spellcasting   | 4 5 6 7 8 9 10 | 10.5
Evocations     | 1 4 5 6 8 9 10 | 10.2
Throwing       | 1 |  1.0
Hexes          | 1 3 5 |  5.3
Translocations | 1 3 5 |  5.1
Air Magic      | 1 3 5 |  5.1

Action                   |  1- 3 |  4- 6 |  7- 9 | 10-12 | 13-15 | 16-18 | 19-21 | 22-24 | 25-27 || total
-------------------------+-------+-------+-------+-------+-------+-------+-------+-------+-------++-------
Melee: War axe           |   104 |    63 |       |       |       |       |       |       |       ||   167
       Trident           |       |   111 |   251 |       |       |       |       |       |       ||   362
       Whip              |       |       |    33 |       |       |       |       |       |       ||    33
       Morningstar       |       |       |   102 |   513 |    24 |       |       |       |       ||   639
       Spear             |       |       |    66 |       |    51 |       |       |       |       ||   117
       Broad axe         |       |       |       |       |   763 |  1619 |  1773 |  1626 |    50 ||  5831
       Eveningstar       |       |       |       |       |       |       |     4 |       |       ||     4
Throw: Javelin           |       |       |       |       |       |       |    14 |       |       ||    14
Invok: Heroism           |       |       |     2 |     8 |    10 |    21 |     8 |     7 |     1 ||    57
       Finesse           |       |       |       |       |     3 |     5 |     3 |     4 |     1 ||    16
 Abil: Stop Flying       |       |       |       |       |       |     4 |     3 |       |       ||     7
       Evoke Flight      |       |       |       |       |       |     4 |     3 |       |       ||     7
       Evoke Invisibilit |       |       |       |       |       |     2 |     3 |     1 |       ||     6
Evoke: Wand              |       |       |       |     1 |       |       |       |       |       ||     1
  Use: Scroll            |       |       |     2 |    22 |     9 |    11 |     7 |     8 |     1 ||    60
       Potion            |       |       |       |       |     1 |     3 |     2 |       |     1 ||     7
 Stab: Held in net/web   |       |       |       |       |       |     9 |       |       |       ||     9
       Sleeping          |       |       |       |       |       |     2 |       |       |       ||     2
       Invisible         |       |       |       |       |       |    10 |    34 |       |       ||    44
  Eat: Chunk             |       |     3 |    12 |    19 |    13 |    17 |    31 |    14 |       ||   109
       Ration            |       |     2 |     2 |     3 |     8 |     6 |     3 |     5 |       ||    29
Armor: Scale mail        |    47 |    83 |   179 |    35 |       |       |       |       |       ||   344
       Chain mail        |       |       |     8 |    95 |   135 |   224 |   174 |       |       ||   636
       Ring mail         |       |       |       |       |    97 |    43 |       |       |       ||   140
       Plate armour      |       |       |       |       |       |    30 |    39 |   221 |    21 ||   311
Dodge: Dodged            |    42 |    45 |   135 |   182 |   567 |   591 |   448 |   384 |    36 ||  2430
Block: Shield            |    45 |    80 |   224 |   254 |   555 |   930 |   865 |   710 |    38 ||  3701
